 Dungeon Crawl Stone Soup version 0.28-a0-1493-g08698888e4 (webtiles) character file.

Game seed: 7319902418537906651

6 Goblin1989 the Sneak (level 1, 0/18 HPs)
             Began as a Demonspawn Delver on Jan 12, 2022.
             Slain by an adder skeleton (1 damage)
             ... on level 4 of the Dungeon.
             The game lasted 00:01:14 (316 turns).

Goblin1989 the Sneak (Demonspawn Delver)             Turns: 316, Time: 00:01:15

Health: 0/18       AC:  3    Str: 12    XL:     1   Next: 75%
Magic:  1/1        EV: 11    Int: 11    God:
Gold:   14         SH:  0    Dex: 14    Spells: 0/0 levels left

rFire   . . .      SeeInvis .   a - +0 mace
rCold   . . .      Faith    .   (no shield)
rNeg    . . .      Spirit   .   b - +0 leather armour
rPois   .          Reflect  .   (no helmet)
rElec   .          Harm     .   (no cloak)
rCorr   .          Rampage  .   (no gloves)
Will    .....                   (no boots)
Stlth   ++........              (no amulet)
HPRegen 0.06/turn               (no ring)
MPRegen 0.07/turn               (no ring)

@: no status effects
A: no striking features
a: no special abilities


You were on level 4 of the Dungeon.
You visited 1 branch of the dungeon, and saw 2 of its levels.

You collected 14 gold pieces.

Inventory:

Hand Weapons
 a - a +0 mace (weapon)
Armour
 b - a +0 leather armour (worn)
Wands
 g - a wand of digging (3) {@v3}
 h - a wand of flame (19) {@v1}
Scrolls
 c - a scroll of fog
 d - a scroll of magic mapping
 e - a scroll of fear
Potions
 f - a potion of haste {@q3,}


   Skills:
 - Level 3.0 Fighting
 + Level 2.3 Maces & Flails
 - Level 1.7 Dodging
 - Level 4.5 Stealth


You couldn't memorise any spells.
You didn't know any spells.
Your spell library was empty.

Dungeon Overview and Level Annotations

Branches:
Dungeon (5/15)
 Temple: D:4-7

Altars:


Message History

The jackal bites you but does no damage.
You barely miss the jackal.
The jackal bites you but does no damage.
The jackal bites you but does no damage. x3
The jackal closely misses you.
You hit the jackal.
You kill the jackal!
The jackal misses you.
The jackal bites you but does no damage.
You hit the jackal.
The jackal is heavily wounded.
The jackal bites you but does no damage.
The jackal misses you. x2
You closely miss the jackal.
The jackal is heavily wounded.
The jackal bites you. The jackal misses you. The jackal bites you.
The jackal closely misses you.
You take 3 damage, and have 15/18 hp.
The jackal closely misses you. The jackal bites you.
You take 3 damage, and have 12/18 hp.
The jackal bites you. The jackal barely misses you.
You take 1 damage, and have 11/18 hp.
The jackal bites you but does no damage.
You closely miss the jackal.
The jackal is heavily wounded.
The jackal misses you.
You barely miss the jackal.
The jackal is moderately wounded.
The jackal closely misses you. The jackal bites you.
You take 1 damage, and have 11/18 hp.
You barely miss the jackal.
The jackal is moderately wounded.
The jackal barely misses you. x2
You miss the jackal.
The jackal is moderately wounded.
The jackal misses you. The jackal closely misses you.
You barely miss the jackal.
The jackal is moderately wounded.
The jackal barely misses you.
You hit the jackal.
The jackal is severely wounded.
The jackal closely misses you.
The jackal bites you but does no damage.
You hit the jackal.
You kill the jackal!
You hit the jackal.
The jackal is heavily wounded.
The jackal bites you but does no damage.
The jackal closely misses you.
You closely miss the jackal.
The jackal is heavily wounded.
The jackal barely misses you.
The jackal bites you but does no damage.
You barely miss the jackal.
The jackal is heavily wounded.
The jackal bites you but does no damage. x2
You barely miss the jackal.
The jackal is heavily wounded.
The jackal closely misses you.
You hit the jackal.
The jackal is almost dead.
The jackal bites you but does no damage.
The jackal barely misses you.
You hit the jackal but do no damage. Your punch misses the jackal.
The jackal is almost dead.
The jackal bites you but does no damage.
The jackal bites you.
You take 2 damage, and have 9/18 hp.
You closely miss the jackal.
The jackal is almost dead.
The jackal closely misses you. The jackal bites you.
* * * LOW HITPOINT WARNING * * *
You take 2 damage, and have 7/18 hp.
You hit the jackal.
You kill the jackal!
You hit the adder skeleton.
The adder skeleton is moderately damaged.
The adder skeleton closely misses you.
You closely miss the adder skeleton.
The adder skeleton is moderately damaged.
The adder skeleton barely misses you. x2
You closely miss the adder skeleton.
The adder skeleton is moderately damaged.
The adder skeleton bites you.
* * * LOW HITPOINT WARNING * * *
You take 2 damage, and have 5/18 hp.
You hit the adder skeleton but do no damage.
The adder skeleton is moderately damaged.
The adder skeleton barely misses you. The adder skeleton bites you.
* * * LOW HITPOINT WARNING * * *
You take 2 damage, and have 3/18 hp.
You closely miss the adder skeleton.
The adder skeleton is moderately damaged.
The adder skeleton bites you.
* * * LOW HITPOINT WARNING * * *
You take 2 damage, and have 1/18 hp.
You hit the adder skeleton.
The adder skeleton is heavily damaged.
The adder skeleton closely misses you. The adder skeleton bites you.
You die... ██████████████

█............█
█.████.█████.█████
█.█ █........@Z.██
█.█ ████≈...███..█
█.█ █≈≈...███.█
█.█ ≈≈≈≈≈P≈..██.██
█.█
≈≈≈≈≈≈P≈.....██
█.█
███≈≈≈≈≈≈≈≈....█
███.█
██≈≈≈P≈≈.≈.█.██
....█
.≈≈≈≈≈≈≈≈....█


█████ .≈.≈≈≈≈≈≈≈...█ You could see an adder skeleton.

Vanquished Creatures
  An orc (D:4)
  3 jackals (D:4)
4 creatures vanquished.

Vanquished Creatures (others)
  6 plants (D:4)
6 creatures vanquished.

Grand Total: 10 creatures vanquished

Notes
Turn   | Place    | Note
-------+----------+-------------------------------------------
     0 | D:5      | Goblin1989 the Demonspawn Delver began the quest for the
                  | Orb.
     0 | D:5      | Reached XP level 1. HP: 18/18 MP: 1/1
    33 | D:5      | Noticed a hound
   316 | D:4      | Slain by an adder skeleton

Illustrated notes

Levels and vault maps discovered:
D:4:      layout_cave_pools, mainiacjoe_overflow_paths,
          minmay_temple_entry_tees, st_stairs_11, chequers_big_river,
          uniq_sigmund, uniq_edmund
D:5:      layout_basic, nicolae_dithmenos_through_a_glass_darkly,
          trog_hazing_becter

Skill      XL: |  1 |
---------------+----+-----
Maces & Flails | 2 |  2.3
Fighting       | |  3.0
Dodging        | |  1.7
Stealth        | |  4.5

Action                   || total
-------------------------++-------
Melee: Mace              ||    33
Armor: Leather armour    ||    17
Dodge: Dodged            ||    34

Table legend: (Time is in decaauts)
 A = Elapsed time spent in this place.
 B = Non-inter-level travel time spent in this place.
 C = Inter-level travel time spent in this place.
 D = Time resting spent in this place.
 E = Time spent auto-exploring this place.
 F = Levels seen in this place.
 G = Mean time per level.
                   A        B        C        D        E       F      G
               +--------+--------+--------+--------+--------+-----+--------+
         Total |    325 |    325 |      0 |    160 |      0 |   2 |  162.5 |
       Dungeon |    325 |    325 |      0 |    160 |      0 |   2 |  162.5 |
               +--------+--------+--------+--------+--------+-----+--------+

Top non-repeatable levels by time:
     D:4: 287 daAuts
     D:5: 38 daAuts
